 Dungeon Crawl Stone Soup version 0.31.0-9-g3a7656b989 (webtiles) character file.

Game seed: 16048461111490027437

207 qw the Ducker (level 5, -2/26 HPs)
             Began as a Spriggan Hunter on Feb 2, 2024.
             Incinerated by a bombardier beetle (5 damage)
             ... with a burning spray
             ... on level 4 of the Dungeon.
             The game lasted 00:00:07 (1531 turns).

qw the Ducker (Spriggan Hunter)                     Turns: 1531, Time: 00:00:07

Health: -2/26      AC:  2    Str: 13    XL:     5   Next: 54%
Magic:  6/6        EV: 21    Int: 11    God:
Gold:   44         SH:  0    Dex: 20    Spells: 4/4 levels left

rFire   . . .        a - +0 shortbow
rCold   . . .        (shield currently unavailable)
rNeg    . . .        c - +0 robe
rPois   .            (helmet restricted)
rElec   .            (no cloak)
rCorr   .            (gloves unavailable)
SInv    +            (boots unavailable)
Will    .....        (no amulet)
Stlth   +            h - +6 ring of strength
HPRegen 0.24/turn    (no ring)
MPRegen 0.10/turn

%: no passive effects
@: on fire, glowing, very quick
A: very small, no large weapons, unfitting armour, see invisible, speed 3
a: no special abilities


You were on level 4 of the Dungeon.
You visited 1 branch of the dungeon, and saw 4 of its levels.

You collected 176 gold pieces.
You spent 132 gold pieces at shops.


Innate Abilities, Weirdness & Mutations

You are very small and have problems with some larger weapons.
You are too small for most types of armour.
You have supernaturally acute eyesight. (SInv)
You cover ground extremely quickly. (Speed+++)


   Skills:
 - Level 2.0 Fighting
 + Level 5.0 Ranged Weapons
 - Level 6.3 Dodging
 - Level 1.5 Stealth


You had 4 spell levels left.
You didn't know any spells.
Your spell library was empty.

Inventory:

Hand Weapons
 a - a +0 shortbow (weapon)
Armour
 c - a +0 robe (worn)
Jewellery
 b - a +4 ring of protection
 h - a +6 ring of strength (left hand)
Scrolls
 g - a scroll of identify
Potions
 d - a potion of cancellation
 e - a potion of mutation {unknown}
 f - 2 potions of curing
 i - a potion of might

Dungeon Overview and Level Annotations

Branches:
Dungeon (4/15)
 Temple: D:4-7

Altars:

Shops:
D:4 *!


Message History

The arrow barely misses the bombardier beetle.
The bombardier beetle sprays incendiary fluid at you.
The burning spray hits you.
You are covered in liquid fire!
You shoot an arrow.
The arrow barely misses the bombardier beetle.
The liquid fire burns you!
The bombardier beetle sprays incendiary fluid at you.
The burning spray hits you.
You are even more covered in liquid fire!
You shoot an arrow.
The arrow hits the bombardier beetle but does no damage.
The bombardier beetle is heavily wounded.
The liquid fire burns you!
You shoot an arrow. The arrow hits the bombardier beetle.
The bombardier beetle is severely wounded.
The liquid fire burns you!
You shoot an arrow.
The arrow barely misses the bombardier beetle.
The liquid fire burns you!
The bombardier beetle sprays incendiary fluid at you.
The burning spray hits you.
You are even more covered in liquid fire!
You shoot an arrow.
The arrow barely misses the bombardier beetle.
The liquid fire burns you!
You shoot an arrow.
The arrow hits the bombardier beetle but does no damage.
The bombardier beetle is severely wounded.
The liquid fire burns you!
The bombardier beetle sprays incendiary fluid at you.
The burning spray hits you.
You are even more covered in liquid fire!
You shoot an arrow. The arrow hits the bombardier beetle.
The bombardier beetle is almost dead.
The liquid fire burns you!
You shoot an arrow.
The arrow barely misses the bombardier beetle.
The liquid fire burns you!
You die...

#....... #......
#.....# #.....#
#..B..# #.....###..
#...........
#.@..........
#.............
#.............. ...
#.............. ...
#.\............#...
#..............#...
#.......)..%.......
#..................
#..................


You could see a bombardier beetle.

Vanquished Creatures
  An ice beast (D:4)
  An iguana (D:4)
  An orc wizard (D:3)
  2 adders (D:3)
  A ribbon worm (D:2)
  4 orcs (D:3)
  3 bats
  5 endoplasms
  3 giant cockroaches
  5 goblins
  3 hobgoblins
  4 kobolds
  A quokka (D:3)
  8 ball pythons
  2 frilled lizards (D:2)
  2 rats
46 creatures vanquished.

Notes
Turn   | Place    | Note
-------+----------+-------------------------------------------
     0 | D:1      | qw the Spriggan Hunter began the quest for the Orb.
     0 | D:1      | Reached XP level 1. HP: 10/10 MP: 2/2
     0 | D:1      | 0 ||| qw: Version: 0.3-a-155-g5e7d8dd
     0 | D:1      | 0 ||| qw: Game counter: 1956
     0 | D:1      | 0 ||| qw: Melee chars always use a shield: true
     0 | D:1      | 0 ||| qw: God list: Okawaru
     0 | D:1      | 0 ||| qw: Allow faded altars: false
     0 | D:1      | 0 ||| qw: Do Orc after clearing Dungeon:15 true
     0 | D:1      | 0 ||| qw: Do second Lair branch before Depths: true
     0 | D:1      | 0 ||| qw: Lair rune preference: random
     0 | D:1      | 0 ||| qw: Goals: Normal
     0 | D:1      | 0 ||| PLANNING D:1-11
    13 | D:1      | Reached skill level 3 in Dodging
   303 | D:1      | 303 ||| READING scroll labelled OMIOWO SI DEO.
   308 | D:1      | 308 ||| DRINKING 3 red potions.
   309 | D:1      | 309 ||| DROPPING scroll of butterflies.
   331 | D:2      | Reached XP level 2. HP: 14/14 MP: 3/3
   340 | D:2      | Found a faded altar of an unknown god.
   361 | D:2      | Reached skill level 4 in Dodging
   720 | D:2      | 720 ||| READING scroll labelled HINWOT VIYRERR.
   721 | D:2      | 721 ||| READING scroll labelled WIXOAZX EV ENT.
   722 | D:2      | 722 ||| READING scroll labelled JARIFO PITO.
   756 | D:3      | Identified the staff of Addief {rPois Will- Int-4 Dex+9
                  | Tloc Alchemy}
   798 | D:3      | Reached XP level 3. HP: 18/18 MP: 4/4
   916 | D:3      | Reached XP level 4. HP: 22/22 MP: 5/5
  1331 | D:3      | 1331 ||| UPGRADING to +6 ring of strength.
  1332 | D:3      | 1332 ||| READING 3 scrolls labelled CEHEON ZANTI.
  1332 | D:3      | 1332 ||| IDENTIFYING sedimented dark potion
  1333 | D:3      | 1333 ||| READING 2 scrolls of identify.
  1333 | D:3      | 1333 ||| IDENTIFYING fuming golden potion
  1334 | D:3      | 1334 ||| READING scroll of identify.
  1334 | D:3      | 1334 ||| IDENTIFYING pink potion
  1335 | D:3      | 1335 ||| DRINKING 2 green potions.
  1336 | D:3      | 1336 ||| DROPPING potion of ambrosia.
  1337 | D:3      | 1337 ||| DROPPING potion of attraction.
  1338 | D:3      | 1338 ||| DROPPING potion of berserk rage.
  1357 | D:4      | Noticed an ice beast
  1367 | D:4      | Killed an ice beast
  1368 | D:4      | Reached skill level 6 in Dodging
  1368 | D:4      | Reached XP level 5. HP: 13/25 MP: 6/6
  1417 | D:4      | Found Zutiul's Distillery.
  1429 | D:4      | 1429 ||| BUYING potion of cancellation (112 gold).
  1429 | D:4      | Bought a potion of cancellation for 112 gold pieces
  1429 | D:4      | 1429 ||| SHOPLISTING potion of curing (42 gold, have 40).
  1429 | D:4      | 1429 ||| SHOPLISTING potion of enlightenment (70 gold, have
                  | 40).
  1429 | D:4      | 1429 ||| SHOPLISTING potion of might (56 gold, have 40).
  1429 | D:4      | 1429 ||| SHOPLISTING potion of mutation (112 gold, have
                  | 40).
  1473 | D:4      | 1473 ||| DROPPING +1 heavy sling.
  1497 | D:4      | Found Rajedad's General Store.
  1516 | D:4      | 1516 ||| SHOPLISTING +4 ring of protection (360 gold, have
                  | 64).
  1516 | D:4      | 1516 ||| BUYING scroll of identify (20 gold).
  1516 | D:4      | Bought a scroll of identify for 20 gold pieces
  1530 | D:4      | HP: 3/26 [burnt (6)]
  1531 | D:4      | Incinerated by a bombardier beetle

Levels and vault maps discovered:
D:1:      scummos_arrival_forest, layout_rooms, minmay_misc_feat_more_columns
D:2:      layout_rooms, hellmonk_ecumenical_altar_run_dry
D:3:      layout_loops_ring
D:4:      cheibrodos_thug_alley, layout_basic, lemuel_coloured_pillars_altar,
          amethyst_overflow_temple_binary, serial_shops, nicolae_lakefront_shop,
          shop, shop, uniq_edmund

Skill      XL: |  1  2  3  4  5 |
---------------+----------------+-----
Dodging        | 3 4 6 |  6.3
Ranged Weapons | 5 |  5.0
Fighting       | 2 |  2.0
Stealth        | |  1.5

Action                     |  1- 3 |  4- 6 || total
---------------------------+-------+-------++-------
   Fire: Shortbow          |    70 |    66 ||   136
    Use: Scroll            |     4 |     3 ||     7
         Potion            |     1 |     1 ||     2
 Armour: Robe              |     3 |     6 ||     9
  Dodge: Dodged            |    17 |    13 ||    30

Table legend:
 A = Non-vault XP
 B = Vault XP
 C = Vault XP percentage of total XP
 D = Non-vault monster count
 E = Vault monster count
 F = Vault count percentage of total count
                 A         B        C        D         E       F
            +---------+---------+-------+---------+---------+-------
      Total |     296 |       0 |   0.0 |      46 |       0 |   0.0
            +---------+---------+-------+---------+---------+-------
        D:1 |      11 |       0 |   0.0 |       6 |       0 |   0.0
        D:2 |      23 |       0 |   0.0 |      13 |       0 |   0.0
        D:3 |      97 |       0 |   0.0 |      21 |       0 |   0.0
        D:4 |     165 |       0 |   0.0 |       6 |       0 |   0.0
            +---------+---------+-------+---------+---------+-------
